AoeStats
← MatzeAoE

Black Forest

505511904Analyzed
1v1 RM · 23d ago on Sep 9, 2026· 61m 30s· 2 players
Game mode
Random Map
Map size
Tiny (2 player)
Population
200
Speed
Normal
Resources
Standard
Victory
Conquest
Starting age
Dark Age
Ending age
Imperial Age
RankedLock teamsTeams togetherTeam positionsShared explorationLock speedFull tech treeHidden civsTurbo modeCheats
Victory
Defeat
🇩🇪 Slavs · Germany
2137
+22
🇪🇬 Tatars · Egypt
2284
-22
MatzeAoE
3:20 Loom
13:23 Feudal Age
13:25 Man-at-Arms
16:22 Horse Collar
16:29 Double-Bit Axe
19:03 Wheelbarrow
22:45 Castle Age
21:53 Stone Mining
24:00 Bow Saw
24:40 Heavy Plow
28:13 Town Watch
29:26 Town Patrol
30:18 Hand Cart
34:51 Imperial Age
33:27 Gold Mining
33:40 Scale Mail Armor
33:50 Forging
35:22 Chain Mail Armor
34:52 Onager
35:42 Siege Engineers
36:37 Chemistry
36:36 Iron Casting
35:22 Pikeman
36:26 Conscription
36:07 Detinets
37:26 Plate Mail Armor
38:52 Two-Man Saw
38:28 Crop Rotation
37:34 Siege Onager
39:48 Blast Furnace
38:19 Halberdier
39:00 Squires
40:03 Hoardings
40:56 Scale Barding Armor
43:57 Capped Ram
45:03 Chain Barding Armor
45:02 Siege Ram
46:28 Bloodlines
46:18 Husbandry
45:38 Light Cavalry
46:55 Plate Barding Armor
45:50 Siege Ram
47:09 Hussar
54:57 Long Swordsman
56:14 Druzhina
55:42 Two-Handed Swordsman
57:08 Champion
Ghosty
1:01 Loom
13:38 Feudal Age
14:24 Double-Bit Axe
17:26 Castle Age
16:48 Horse Collar
18:40 Bow Saw
19:58 Fletching
28:43 Wheelbarrow
28:46 Heavy Plow
28:46 Gold Mining
34:04 Imperial Age
33:24 Ballistics
33:52 Town Watch
34:26 Hand Cart
34:13 Onager
36:13 Chemistry
35:51 Timurid Siegecraft
36:02 Stone Mining
36:14 Bodkin Arrow
37:13 Masonry
37:11 Siege Engineers
38:18 Bombard Tower
38:34 Conscription
39:33 Gold Shaft Mining
42:38 Masonry
42:35 Silk Armor
43:17 Scale Barding Armor
43:12 Bracer
45:08 Light Cavalry
45:59 Bloodlines
45:55 Scale Barding Armor
45:51 Padded Archer Armor
46:08 Husbandry
45:48 Hussar
47:01 Chain Barding Armor
48:11 Forging
49:06 Plate Barding Armor
50:45 Iron Casting
50:00 Pikeman
50:40 Squires
50:41 Scale Mail Armor
51:13 Halberdier
53:33 Blast Furnace
54:52 Arson
58:59 Crop Rotation
Connection lost

Rejoining the realm…

Still unreachable

The connection could not be restored.

Session expired

The server has moved on; the page needs a fresh start.